Map: Efflorescence LE

Players

Massa

  • Race: Terran Terran

qqq

  • Race: Zerg Zerg

JCreepers - Winner!

  • Race: Protoss Protoss

Origami - Winner!

  • Race: Zerg Zerg

VOD

Have the link to the VOD?

Description

Time

  • Played on: April 7, 2021, 1:18 p.m.
  • Length: 10:00
Show
View Real Time Build Order
Export as new Build Order

Massa Terran 

Build Orders:  

Get SALT Encoding   

  12  0:00  SCV  
  13  0:12  SCV  
  14  0:18  Supply Depot  
  14  0:25  SCV  
  15  0:40  SCV  
  15  0:42  Barracks  
  16  0:48  Refinery  
  16  0:52  SCV  
  17  0:58  Supply Depot  
  18  1:04  SCV  
  18  1:16  SCV  
  18  1:18  Barracks  
  19  1:32  Orbital Command  
  19  1:34  Marine  
  20  1:46  Barracks  
  20  1:58  SCV  
  20  1:59  Barracks Tech Lab  
  21  2:06  Marine  
  22  2:13  SCV, Supply Depot  
  23  2:17  Stimpack  
  23  2:23  Marauder  
  23  2:26  Marine  
  26  2:36  Marine  
  27  2:43  Marine  
  28  2:44  Marauder  
  28  2:47  Supply Depot  
  30  2:53  Marine  
  31  3:01  Marine  
  32  3:06  Marauder  
  32  3:11  Marine  
  32  3:12  Supply Depot  
  35  3:19  Marine  
  36  3:27  Marauder  
  36  3:29  Marine  
  39  3:37  Marine  
  40  3:49  Marauder, Marine  
  40  3:55  Marine  
  44  4:04  Engineering Bay, Concussive Shells  
  44  4:07  Marine, Command Center  
  45  4:11  Marauder  
  45  4:12  Marine  
  36  4:45  Marine x2  
  36  4:46  Marauder  
  32  5:03  Marine x2  
  34  5:07  Marauder  
  33  5:21  Orbital Command, Marine x2  
  35  5:28  Marauder  
  35  5:30  Factory  
  35  5:32  Missile Turret  
  35  5:33  SCV, Factory, Missile Turret  
  36  5:39  Combat Shield  
  36  5:50  Marine  
  36  5:51  Marine x2  
  36  5:55  SCV  
  40  5:57  SCV  
  41  6:07  SCV  
  41  6:08  Marine  
  41  6:09  Barracks Reactor, SCV, Marine  
  45  6:14  Widow Mine  
  45  6:16  Widow Mine  
  49  6:22  SCV x2  
  51  6:29  Marine  
  51  6:31  Marine  
  53  6:34  SCV x2  
  53  6:38  Factory Tech Lab, Missile Turret  
  55  6:41  Factory Tech Lab  
  55  6:48  SCV  
  55  6:49  SCV  
  55  6:50  Marauder, Marine  
  60  7:00  Marine  
  60  7:01  SCV  
  62  7:06  SCV  
  63  7:09  Refinery  
  63  7:11  Marauder  
  63  7:13  SCV  
  66  7:16  Refinery  
  66  7:17  Refinery  
  66  7:18  SCV  
  66  7:20  Cyclone  
  70  7:32  Supply Depot  
  70  7:33  Supply Depot x2  
  70  7:41  Supply Depot  
  70  7:43  Missile Turret  
  70  7:53  SCV x2, Marine x3, Terran Infantry Weapons Level 1, Cyclone  
  70  7:54  Marine  
  79  8:05  SCV  
  79  8:07  Cyclone  
  79  8:11  Marauder, Marine x2  
  56  8:38  Marine x4  
  59  8:41  Cyclone x2  
  60  8:55  Marine x2  
  60  9:09  Marauder, Marine  
  53  9:13  Marine x2  
  48  9:30  Marine  
  37  9:31  Marine  
Show
View Real Time Build Order
Export as new Build Order

qqq Zerg 

Build Orders: Hatch First 

Get SALT Encoding   

  12  0:03  Drone  
  13  0:08  Drone  
  14  0:21  Overlord  
  14  0:45  Hatchery  
  13  0:53  Drone  
  13  0:54  Drone  
  15  0:59  Drone  
  16  1:09  Drone  
  17  1:20  Spawning Pool  
  16  1:26  Drone x2  
  18  1:41  Drone  
  18  1:45  Extractor  
  18  2:01  Drone  
  18  2:03  Drone x2  
  18  2:07  Queen  
  18  2:08  Queen  
  25  2:10  Drone  
  25  2:15  Overlord  
  26  2:20  Drone  
  26  2:22  Drone  
  28  2:31  Overlord  
  28  2:34  Drone  
  29  2:43  Drone x2  
  31  2:45  Metabolic Boost  
  30  2:52  Zergling x4  
  32  3:04  Zergling x4  
  34  3:17  Zergling x4, Evolution Chamber  
  35  3:24  Overlord  
  35  3:25  Zergling x2  
  36  3:29  Zergling x4  
  36  3:31  Zergling x6  
  36  3:32  Zergling x2  
  42  3:38  Zergling x4  
  44  3:46  Zerg Melee Weapons Level 1  
  44  3:49  Zergling x2  
  44  3:50  Overlord  
  45  4:00  Zergling x4  
  47  4:08  Zergling x4  
  49  4:14  Hatchery  
  44  4:33  Zergling x8  
  44  4:34  Zergling x4  
  40  4:46  Zergling x12  
  40  4:47  Zergling x2  
  40  4:51  Zergling x2  
  46  4:56  Queen  
  46  5:02  Zergling x4  
  48  5:09  Lair  
  48  5:12  Spore Crawler  
  45  5:15  Drone x2  
  45  5:23  Drone x2  
  45  5:27  Queen  
  49  5:40  Spore Crawler  
  48  5:43  Queen  
  48  5:44  Drone x3  
  48  5:45  Zergling x2  
  54  5:54  Overlord x2  
  54  6:12  Overlord  
  54  6:14  Drone x2  
  54  6:15  Zergling x4  
  58  6:20  Spore Crawler  
  58  6:21  Overlord  
  58  6:22  Drone  
  58  6:30  Queen  
  58  6:32  Drone x2  
  62  6:33  Drone  
  62  6:34  Drone x2  
  62  6:38  Overseer  
  66  6:40  Drone x2  
  66  6:41  Drone  
  68  6:52  Queen  
  68  6:53  Drone  
  68  6:54  Drone x2  
  73  6:58  Overlord  
  73  6:59  Overlord  
  73  7:06  Hydralisk Den  
  72  7:15  Drone x2  
  74  7:16  Overlord x2  
  74  7:22  Extractor  
  73  7:24  Drone x2  
  73  7:27  Extractor  
  73  7:29  Extractor  
  73  7:33  Overlord  
  73  7:35  Zergling x6  
  76  7:40  Zerg Ground Armor Level 1  
  76  7:50  Spore Crawler  
  74  8:17  Hatchery  
  54  8:28  Zergling x6  
  54  8:29  Zergling x14  
  58  8:44  Zergling x4  
  58  8:45  Zergling x4  
  56  8:53  Zergling x6  
  49  9:06  Lurker Den, Zergling x6  
  49  9:09  Queen  
  48  9:17  Zergling x4  
  48  9:18  Zergling x2  
  51  9:27  Zergling x4  
  51  9:28  Zergling x2  
  48  9:34  Zergling x12  
Show
View Real Time Build Order
Export as new Build Order

JCreepers Protoss - Winner!

Build Orders: 1 Gate Expand 

Get SALT Encoding   

  12  0:00  Probe  
  13  0:12  Probe  
  14  0:20  Pylon  
  14  0:29  Probe (Chrono Boost)  
  15  0:40  Probe (Chrono Boost)  
  15  0:41  Gateway  
  16  0:46  Probe (Chrono Boost)  
  17  0:58  Probe  
  18  1:14  Nexus  
  18  1:29  Cybernetics Core  
  18  1:31  Assimilator  
  18  1:34  Probe  
  19  1:48  Probe (Chrono Boost)  
  19  1:53  Assimilator  
  20  1:55  Pylon  
  21  2:02  Probe (Chrono Boost)  
  21  2:09  Adept  
  21  2:11  Probe  
  24  2:21  Warp Gate  
  24  2:24  Probe (Chrono Boost)  
  25  2:30  Probe (Chrono Boost)  
  27  2:39  Gateway  
  27  2:41  Probe x2 (Chrono Boost)  
  27  2:42  Stalker  
  30  2:46  Probe (Chrono Boost)  
  30  2:47  Probe (Chrono Boost)  
  32  2:56  Probe (Chrono Boost)  
  33  3:05  Probe (Chrono Boost)  
  34  3:08  Probe (Chrono Boost)  
  34  3:12  Probe (Chrono Boost)  
  36  3:13  Probe (Chrono Boost)  
  36  3:15  Stargate  
  36  3:19  Pylon  
  37  3:23  Probe (Chrono Boost)  
  37  3:26  Probe (Chrono Boost)  
  41  3:29  Stalker (Chrono Boost)  
  42  3:35  Probe (Chrono Boost)  
  42  3:36  Assimilator  
  42  3:39  Stalker (Chrono Boost)  
  42  3:40  Probe (Chrono Boost)  
  45  3:48  Shield Battery  
  45  3:49  Shield Battery  
  45  4:00  Stalker (Chrono Boost)  
  45  4:02  Stalker (Chrono Boost)  
  47  4:05  Void Ray  
  47  4:09  Pylon  
  49  4:11  Pylon  
  53  4:39  Adept x2  
  53  4:48  Void Ray  
  53  4:52  Probe x2  
  59  5:04  Probe, Twilight Council  
  59  5:06  Probe  
  61  5:08  Pylon, Assimilator  
  61  5:12  Adept x2  
  65  5:16  Probe  
  66  5:25  Void Ray  
  66  5:34  Gateway  
  70  5:37  Gateway  
  70  5:39  Adept x2  
  74  5:43  Protoss Air Weapons Level 1  
  74  5:48  Blink (Chrono Boost)  
  74  5:49  Probe x2  
  76  5:53  Nexus  
  76  5:57  Pylon  
  76  5:59  Pylon  
  76  6:04  Stargate  
  76  6:09  Void Ray  
  76  6:12  Forge  
  80  6:21  Probe x2  
  80  6:22  Shield Battery  
  82  6:29  Gateway  
  82  6:32  Sentry x2  
  86  6:36  Adept  
  86  6:38  Protoss Ground Weapons Level 1 (Chrono Boost)  
  88  6:51  Probe x2  
  90  6:54  Assimilator  
  90  6:56  Sentry  
  90  7:00  Assimilator  
  92  7:01  Sentry  
  92  7:05  Probe x3  
  97  7:10  Pylon  
  97  7:11  Pylon  
  97  7:15  Pylon  
  97  7:22  Pylon  
  97  7:25  Adept x3  
  97  7:26  Adept  
  105  7:32  Probe x3  
  108  7:39  Templar Archives  
  109  7:44  Probe x3  
  109  7:49  Photon Cannon  
  109  7:50  Stalker  
  113  7:54  Resonating Glaives (Chrono Boost)  
  113  7:56  Probe x2  
  115  8:01  Adept  
  115  8:02  Adept  
  119  8:06  Probe  
  119  8:08  Probe  
  105  8:31  Adept x5  
  115  8:36  Void Ray x2  
  115  8:44  Probe x3  
  126  8:55  Nexus  
  124  8:58  Fleet Beacon  
  124  9:13  Void Ray x2  
  128  9:33  Adept  
  128  9:34  Stalker x4  
Show
View Real Time Build Order
Export as new Build Order

Origami Zerg - Winner!

Build Orders: Hatch First 

Get SALT Encoding   

  12  0:01  Drone  
  13  0:12  Overlord  
  13  0:17  Drone  
  14  0:31  Drone x2  
  16  0:54  Hatchery  
  16  0:57  Drone  
  16  0:59  Drone  
  16  1:02  Drone  
  18  1:11  Extractor  
  18  1:18  Spawning Pool  
  16  1:23  Drone  
  17  1:27  Drone  
  17  1:30  Drone  
  19  1:41  Drone  
  20  1:50  Drone  
  21  2:05  Queen  
  21  2:06  Queen, Overlord  
  25  2:13  Zergling x4  
  27  2:20  Metabolic Boost  
  27  2:30  Drone x2  
  27  2:31  Drone  
  30  2:38  Drone x2  
  32  2:47  Queen  
  34  2:55  Drone x2  
  36  3:00  Hatchery  
  35  3:07  Overlord  
  35  3:18  Drone  
  36  3:25  Drone x6  
  42  3:38  Drone x2  
  44  3:47  Spine Crawler  
  44  3:48  Spine Crawler  
  41  3:49  Spine Crawler  
  41  3:50  Spine Crawler  
  39  3:56  Overlord x2  
  39  3:57  Overlord  
  40  4:14  Queen  
  40  4:16  Zergling x10  
  47  4:26  Zergling x10  
  49  4:35  Zergling x4  
  49  4:36  Zergling x2  
  49  4:38  Spine Crawler  
  45  4:39  Spine Crawler  
  45  4:41  Spine Crawler  
  45  4:43  Spine Crawler  
  45  4:45  Spine Crawler  
  38  4:46  Zergling x4  
  38  4:54  Drone x3  
  38  4:55  Drone  
  38  4:57  Zergling x2  
  46  5:17  Drone x4  
  50  5:25  Roach Warren  
  50  5:26  Extractor, Queen, Evolution Chamber  
  49  5:35  Overlord x2  
  49  5:36  Drone x2  
  49  5:38  Drone  
  49  5:39  Extractor  
  51  5:49  Hatchery  
  50  5:51  Drone  
  50  5:54  Zerg Missile Weapons Level 1  
  51  5:59  Hatchery  
  51  6:01  Extractor  
  51  6:03  Drone  
  50  6:05  Drone x3  
  50  6:10  Drone x3  
  56  6:22  Roach x3  
  62  6:27  Lair  
  62  6:31  Overlord  
  62  6:34  Queen  
  64  6:46  Roach x5  
  74  6:48  Overlord x2  
  74  7:05  Roach x7  
  88  7:14  Queen  
  88  7:15  Roach x3  
  96  7:16  Roach x3  
  102  7:23  Roach x4  
  102  7:26  Extractor  
  109  7:38  Glial Reconstitution  
  109  7:42  Drone, Hydralisk Den  
  109  7:44  Drone x3  
  111  7:46  Overlord x4  
  110  8:15  Roach  
  110  8:16  Roach x9  
  120  8:21  Grooved Spines  
  112  8:32  Overseer  
  107  8:41  Drone x6  
  105  8:42  Drone x4  
  111  8:51  Ravager  
  111  8:52  Ravager  
  111  8:54  Hydralisk, Roach x4  
  117  8:56  Drone  
  116  9:08  Overseer  
  116  9:09  Pneumatized Carapace  
  114  9:12  Drone x3  
  114  9:13  Drone x2  
  119  9:23  Roach  
  119  9:24  Roach x6  
  133  9:30  Lurker Den  
  132  9:33  Drone x5  
  137  9:51  Ravager  
  138  9:53  Ravager  
  138  9:58  Ravager  
Tags
 
Add a new tag
Caveats
  • Supply blocks, unpowered buildings, or Contaminate may cause inaccurate times.
  • Supply counts are checked every 10 seconds.